 Dungeon Crawl Stone Soup version 0.31-a0-700-gf13585253f (webtiles) character file.

Game seed: 1821049347557770682

4003 qw the Skirmisher (level 10, -4/64 HPs)
             Began as a Gargoyle Hunter on Sept 7, 2023.
             Was a Follower of Okawaru.
             Slain by a killer bee (10 damage)
             ... on level 9 of the Dungeon.
             The game lasted 00:02:29 (5968 turns).

qw the Skirmisher (Gargoyle Hunter)                 Turns: 5968, Time: 00:02:29

Health: -4/64      AC: 18    Str: 15    XL:     10   Next: 23%
Magic:  0/10       EV: 15    Int: 13    God:    Okawaru [*.....]
Gold:   463        SH:  0    Dex: 23    Spells: 9/9 levels left

rFire   . . .        Y - +1 orcbow
rCold   + . .        (shield currently unavailable)
rNeg    + . .        o - +1 robe {Will+}
rPois   inf          (no helmet)
rElec   +            l - +0 cloak
rCorr   .            (no gloves)
SInv    .            g - +2 pair of boots of Privacy {rPois rC+}
Will    +....        i - amulet of Kiselun {Spirit Regen+ Int+3 Slay+4 Stlth-}
Stlth   +            e - +6 ring of dexterity
HPRegen 1.10/turn    f - +4 ring of protection
MPRegen 0.12/turn

%: guardian spirit
@: about to teleport
A: sickness immunity, AC +7, negative energy resistance 1, electricity
resistance, torment resistance 1, petrification resistance
a: Renounce Religion, Heroism


You were on level 9 of the Dungeon.
You worshipped Okawaru.
Okawaru was aware of your devotion.
You visited 2 branches of the dungeon, and saw 10 of its levels.

You collected 463 gold pieces.


Innate Abilities, Weirdness & Mutations

You are immune to sickness and miasma.
Your stone body is resilient. (AC +7)
You are immune to poison.
You resist negative energy. (rN+)
You are resistant to electric shocks. (rElec)
You are resistant to unholy torment.
You are immune to petrification.


   Skills:
 - Level 8.2 Fighting
 - Level 12.0 Ranged Weapons
 - Level 2.0 Armour
 + Level 4.5 Dodging
 - Level 1.1 Stealth


You had 9 spell levels left.
You didn't know any spells.
Your spell library was empty.

Inventory:

Hand Weapons
 Y - a +1 orcbow (weapon)
Armour
 d - a +0 ring mail
 g - the +2 pair of boots of Privacy (worn) {rPois rC+}
   (You acquired it on level 6 of the Dungeon)

   rC+:       It protects you from cold.
   rPois:     It protects you from poison
 l - a +0 cloak (worn)
 o - a +1 robe of willpower (worn)
Jewellery
 e - a +6 ring of dexterity (left hand)
 f - a +4 ring of protection (right hand)
 i - the amulet of Kiselun (around neck) {Spirit Regen+ Int+3 Slay+4 Stlth-}
   (You found it on level 5 of the Dungeon)

   [amulet of guardian spirit]

   Spirit:    It causes incoming damage to be divided between your reserves of
   health and magic.
   Int+3:     It affects your intelligence (+3).
   Slay+4:    It affects your accuracy & damage with ranged weapons and melee
   (+4).
   Regen+:    It increases your rate of health regeneration.
   Stlth-:    It makes you less stealthy.
 j - a ring of fire
Scrolls
 a - 2 scrolls of identify
 m - 3 scrolls of teleportation
Potions
 b - a potion of cancellation
 c - a potion of might
 h - 4 potions of curing
 k - 2 potions of enlightenment
 n - a potion of mutation

Dungeon Overview and Level Annotations

Branches:
Dungeon (9/15)             Temple (1/1) D:7
   Lair: D:8-11         Orc: D:9-12

Altars:
Ashenzari
Cheibriados
Dithmenos
Elyvilon
Fedhas
Gozag
Hepliaklqana
Kikubaaqudgha
Makhleb
Nemelex Xobeh
Okawaru
Qazlal
Ru
Sif Muna
Trog
Uskayaw
Vehumet
Wu Jian
Xom
Yredelemnul
The Shining One

Shops:
D:1 (   D:7 *

Annotations:
D:7 1 runed translucent door, 2 transporters, qw's ghost, novice GrHu


Message History

The arrow hits the queen bee but does no damage.
The killer bee stings you but does no damage.
The killer bee completely misses you. The killer bee misses you.
The killer bee stings you.
The killer bee rages.
The killer bee closely misses you. The queen bee stings you.
The killer bee stings you but does no damage.
You shoot an arrow. The arrow barely misses the queen bee.
The arrow hits the killer bee!
The killer bee is almost dead.
The killer bee closely misses you.
The killer bee stings you but does no damage.
The killer bee closely misses you. x2; The queen bee stings you!
The killer bee stings you.
5966 ||| READING 4 scrolls of teleportation.
As you read the scroll of teleportation, it crumbles to dust.
You feel strangely unstable.
The killer bee stings you but does no damage. x2
The killer bee closely misses you. The killer bee misses you.
The killer bee closely misses you. The queen bee closely misses you.
The killer bee stings you but does no damage.
You shoot an arrow. The arrow hits the queen bee.
The queen bee is lightly wounded.
The killer bee closely misses you. The killer bee misses you.
The killer bee stings you!
The killer bee rages. x2
The killer bee barely misses you.
The killer bee stings you but does no damage.
The killer bee rages. x2
The queen bee stings you but does no damage.
You shoot an arrow. The arrow barely misses the queen bee.
The arrow hits the killer bee!
You kill the killer bee!
Okawaru accepts your kill.
You can now gain great but temporary skills.
The killer bee stings you but does no damage.
The killer bee barely misses you. x2
The killer bee stings you but does no damage.
The killer bee misses you. The killer bee stings you!
You die...

...# ...# ...# ...#####
##.....# #.....# #.....#
#.....# ########### #.....#
#@yyy...... #.....#
#yyyyy..... #.....#
#yyyy......
##.....#########yyy.......
.................###.########.
.. .................# %.!
#...##. .................# ..#
#....#. .................#
!#..#....## .....=...........#
#..#.....#


You could see a queen bee and 14 killer bees.

Vanquished Creatures
  Joseph (D:8)
  A hornet (D:8)
  A wyvern (D:8)
  2 humans (D:8)
  A steam dragon (D:6)
  A water moccasin (D:7)
  A sky beast (D:6)
  3 ice beasts
  2 centaurs
  A phantom (D:5)
  3 kobold brigands
  A bullfrog (D:7)
  2 scorpions
  4 wights (D:8)
  21 killer bees
  3 howler monkeys (D:8)
  3 jellies
  4 hounds
  An iguana (D:7)
  3 orc wizards
  2 sleepcaps
  14 gnolls
  4 adders
  2 white imps
  2 ufetubi
  A worm (D:2)
  4 dart slugs
  14 orcs
  4 endoplasms
  3 giant cockroaches
  6 hobgoblins
  2 jackals (D:2)
  A quokka (D:4)
  8 ball pythons
  2 bats
  A frilled lizard (D:1)
  5 goblins
  23 kobolds
  7 rats
164 creatures vanquished.

Notes
Turn   | Place    | Note
-------+----------+-------------------------------------------
     0 | D:1      | qw the Gargoyle Hunter began the quest for the Orb.
     0 | D:1      | Reached XP level 1. HP: 12/12 MP: 1/1
     0 | D:1      | 0 ||| qw: Version: 0.3-a-76-g4403597
     0 | D:1      | 0 ||| qw: Game counter: 629
     0 | D:1      | 0 ||| qw: Melee chars always use a shield: true
     0 | D:1      | 0 ||| qw: God list: Okawaru
     0 | D:1      | 0 ||| qw: Allow faded altars: false
     0 | D:1      | 0 ||| qw: Do Orc after clearing Dungeon:15 true
     0 | D:1      | 0 ||| qw: Do second Lair branch before Depths: true
     0 | D:1      | 0 ||| qw: Lair rune preference: random
     0 | D:1      | 0 ||| qw: Goals: Normal
     0 | D:1      | 0 ||| PLANNING D:1-11
   164 | D:1      | Found Zonet's Weapon Boutique.
   174 | D:1      | 174 ||| SHOPLISTING +4 heavy triple crossbow (560 gold,
                  | have 16).
   267 | D:1      | Reached XP level 2. HP: 17/17 MP: 2/2
   539 | D:1      | 539 ||| UPGRADING to +0 ring mail.
   549 | D:1      | 549 ||| DROPPING +0 leather armour.
   550 | D:1      | 550 ||| UPGRADING to amulet of regeneration.
   555 | D:1      | 555 ||| UPGRADING to +6 ring of dexterity.
   556 | D:1      | 556 ||| READING 3 scrolls labelled FAMEOCZUSAO.
   557 | D:1      | 557 ||| READING scroll labelled AVIN WYLEU.
   558 | D:1      | 558 ||| READING 2 scrolls of identify.
   558 | D:1      | 558 ||| IDENTIFYING lumpy green potion
   559 | D:1      | 559 ||| DROPPING scroll of butterflies.
   617 | D:2      | Reached skill level 1 in Armour
   639 | D:2      | Reached XP level 3. HP: 21/21 MP: 3/3
   982 | D:2      | Reached skill level 5 in Ranged Weapons
   984 | D:2      | Reached XP level 4. HP: 27/27 MP: 4/4
   996 | D:2      | 996 ||| FLEEEEING.
   997 | D:2      | 997 ||| FLEEEEING.
   998 | D:2      | 998 ||| FLEEEEING.
  1020 | D:2      | Identified the +6 spear of the Volcano {heavy, rC- Int+5}
  1148 | D:2      | Reached skill level 3 in Fighting
  1265 | D:2      | 1265 ||| UPGRADING to +6 ring of strength.
  1433 | D:3      | Found a faded altar of an unknown god.
  1561 | D:3      | 1561 ||| Stepping ~*~*~tactically~*~*~ (water).
  1563 | D:3      | 1563 ||| Stepping ~*~*~tactically~*~*~ (water).
  1612 | D:3      | Found a burning altar of Makhleb.
  1685 | D:3      | 1685 ||| RETREATING.
  1693 | D:3      | Reached XP level 5. HP: 32/32 MP: 5/5
  1990 | D:3      | Reached skill level 6 in Ranged Weapons
  2038 | D:3      | 2038 ||| READING 3 scrolls labelled VOFFYMO KUSTES.
  2039 | D:3      | 2039 ||| READING 2 scrolls of enchant weapon.
  2039 | D:3      | 2039 ||| ENCHANTING +1 shortbow.
  2040 | D:3      | 2040 ||| READING scroll of enchant weapon.
  2040 | D:3      | 2040 ||| ENCHANTING +2 shortbow.
  2041 | D:3      | 2041 ||| READING 2 scrolls of identify.
  2041 | D:3      | 2041 ||| IDENTIFYING lumpy sapphire potion
  2195 | D:4      | Reached XP level 6. HP: 38/38 MP: 6/6
  2739 | D:4      | 2739 ||| READING 2 scrolls labelled LAR ACHISTRIE.
  2740 | D:4      | 2740 ||| READING scroll labelled OREARI MAOJO.
  2741 | D:4      | 2741 ||| READING 2 scrolls labelled ZEMOOKHAABAS.
  2746 | D:4      | 2746 ||| READING 2 scrolls of identify.
  2746 | D:4      | 2746 ||| IDENTIFYING grey potion
  2747 | D:4      | 2747 ||| DROPPING potion of brilliance.
  2748 | D:4      | 2748 ||| DROPPING scroll of fog.
  2789 | D:5      | Entered Level 5 of the Dungeon
  2988 | D:5      | Identified the amulet of Kiselun {Spirit Regen+ Int+3
                  | Slay+4 Stlth-}
  3620 | D:5      | 3620 ||| UPGRADING to amulet of Kiselun {Spirit Regen+
                  | Int+3 Slay+4 Stlth-}.
  3630 | D:5      | 3630 ||| DROPPING amulet of regeneration.
  3631 | D:5      | 3631 ||| UPGRADING to +4 ring of protection.
  3633 | D:5      | 3633 ||| DROPPING +6 ring of strength.
  3634 | D:5      | 3634 ||| READING scroll labelled POSOOBEAGIS.
  3635 | D:5      | 3635 ||| READING scroll labelled VUOXTISORI.
  3676 | D:6      | Noticed a steam dragon
  3680 | D:6      | 3680 ||| RETREATING.
  3681 | D:6      | 3681 ||| Stepping ~*~*~tactically~*~*~ (cloud).
  3686 | D:6      | 3686 ||| FLEEEEING.
  3687 | D:6      | 3687 ||| RETREATING.
  3690 | D:6      | Killed a steam dragon
  3691 | D:6      | Reached skill level 7 in Ranged Weapons
  3691 | D:6      | Reached XP level 7. HP: 24/43 MP: 3/7
  3739 | D:6      | Identified the +1 spear of Olyesa {freeze, rC+ rCorr Int-2}
  3764 | D:6      | Reached skill level 8 in Ranged Weapons
  3776 | D:6      | 3776 ||| SWAPPING to +0 orcbow.
  3777 | D:6      | 3777 ||| DROPPING +3 shortbow.
  3784 | D:6      | 3784 ||| READING scroll of enchant weapon.
  3784 | D:6      | 3784 ||| ENCHANTING +0 orcbow.
  3870 | D:6      | Found a hazy altar of Hepliaklqana.
  3875 | D:6      | Found a broken altar of Ashenzari.
  3875 | D:6      | Found an ornate altar of the Wu Jian Council.
  3886 | D:6      | Found a blossoming altar of Fedhas.
  3889 | D:6      | Found an ancient bone altar of Kikubaaqudgha.
  3926 | D:6      | Reached XP level 8. HP: 49/49 MP: 8/8
  4145 | D:6      | 4145 ||| UPGRADING to +0 pair of boots.
  4150 | D:6      | 4150 ||| UPGRADING to +1 robe of willpower.
  4160 | D:6      | 4160 ||| READING scroll labelled PACLOM IFER.
  4161 | D:6      | 4161 ||| READING scroll labelled WAONTA VYJO.
  4161 | D:6      | Identified a scroll of acquirement
  4161 | D:6      | 4161 ||| ACQUIRING +2 pair of boots of Privacy {rPois rC+}
  4161 | D:6      | Acquired the +2 pair of boots of Privacy {rPois rC+}
  4163 | D:6      | 4163 ||| UPGRADING to +2 pair of boots of Privacy {rPois
                  | rC+}.
  4173 | D:6      | 4173 ||| DROPPING +0 pair of boots.
  4174 | D:6      | 4174 ||| READING 3 scrolls of identify.
  4174 | D:6      | 4174 ||| IDENTIFYING bubbling clear potion
  4175 | D:6      | 4175 ||| READING 2 scrolls of identify.
  4175 | D:6      | 4175 ||| IDENTIFYING glowing clear potion
  4176 | D:6      | 4176 ||| DROPPING potion of attraction.
  4218 | D:7      | Reached skill level 9 in Ranged Weapons
  4219 | D:7      | Found Gozag's Platinum Reserve.
  4221 | D:7      | Found an opulent altar of Gozag.
  4305 | D:7      | Found a staircase to the Ecumenical Temple.
  4306 | D:7      | 4306 ||| PLANNING TEMPLE
  4314 | Temple   | Entered the Ecumenical Temple
  4315 | Temple   | 4315 ||| PLANNING D:1-11
  4384 | D:7      | Found a runed translucent door.
  4387 | D:7      | Noticed qw's ghost (novice GrHu)
  4420 | D:7      | Reached skill level 3 in Dodging
  4447 | D:7      | 4447 ||| SHOPLISTING +0 ring mail of the Flying Gods {rC+
                  | Stlth+} (2080 gold, have 308).
  4457 | D:7      | Found a transporter.
  4461 | D:7      | Found a transporter.
  4470 | D:7      | Noticed a kobold demonologist
  4506 | D:7      | Found a radiant altar of Vehumet.
  4514 | D:7      | Reached skill level 6 in Fighting
  4600 | D:7      | 4600 ||| Stepping ~*~*~tactically~*~*~ (outnumbered).
  4602 | D:7      | 4602 ||| Stepping ~*~*~tactically~*~*~ (outnumbered).
  5027 | D:7      | 5027 ||| UPGRADING to +0 cloak.
  5032 | D:7      | 5032 ||| DRINKING 2 coppery potions.
  5033 | D:7      | 5033 ||| READING 2 scrolls of identify.
  5033 | D:7      | 5033 ||| IDENTIFYING fizzy grey potion
  5034 | D:7      | 5034 ||| DROPPING potion of degeneration.
  5076 | D:8      | 5076 ||| RETREATING.
  5080 | D:8      | Reached XP level 9. HP: 55/55 MP: 9/9
  5082 | D:8      | Reached skill level 10 in Ranged Weapons
  5126 | D:8      | 5126 ||| Stepping ~*~*~tactically~*~*~ (outnumbered).
  5127 | D:8      | 5127 ||| Stepping ~*~*~tactically~*~*~ (outnumbered).
  5134 | D:8      | Noticed Joseph
  5151 | D:8      | Killed Joseph
  5250 | D:8      | Noticed a hornet
  5253 | D:8      | Killed a hornet
  5265 | D:8      | 5265 ||| Stepping ~*~*~tactically~*~*~ (outnumbered).
  5438 | D:8      | Reached skill level 11 in Ranged Weapons
  5451 | D:8      | Found an iron altar of Okawaru.
  5452 | D:8      | 5452 ||| PLANNING OKAWARU WORSHIP
  5452 | D:8      | 5452 ||| DRINKING 2 white potions.
  5467 | D:8      | Reached XP level 10. HP: 64/64 MP: 8/10
  5470 | D:8      | Became a worshipper of Warmaster Okawaru
  5471 | D:8      | 5471 ||| PLANNING D:1-11
  5511 | D:8      | 5511 ||| RETREATING.
  5526 | D:8      | 5526 ||| Stepping ~*~*~tactically~*~*~ (retreating).
  5527 | D:8      | 5527 ||| Stepping ~*~*~tactically~*~*~ (retreating).
  5528 | D:8      | 5528 ||| Stepping ~*~*~tactically~*~*~ (retreating).
  5707 | D:9      | Found a hide-covered altar of Uskayaw.
  5733 | D:9      | Reached skill level 12 in Ranged Weapons
  5939 | D:9      | 5939 ||| Stepping ~*~*~tactically~*~*~ (retreating).
  5940 | D:9      | 5940 ||| Stepping ~*~*~tactically~*~*~ (retreating).
  5941 | D:9      | 5941 ||| Stepping ~*~*~tactically~*~*~ (retreating).
  5965 | D:9      | HP: 12/64 [queen bee (6)]
  5966 | D:9      | 5966 ||| READING 4 scrolls of teleportation.
  5967 | D:9      | HP: 5/64 [killer bee (6)]
  5968 | D:9      | Reached * piety under Okawaru
  5968 | D:9      | Slain by a killer bee

Levels and vault maps discovered:
D:1:      orjb1_lava_funnel, layout_loops_ring, serial_shops, shop
D:2:      layout_basic
D:3:      layout_basic, lemuel_crystal_altar, nicolae_ecumenical_lake_church
D:4:      layout_cave_pods
D:5:      layout_layer_cave
D:6:      layout_cave_pools, minmay_overflow_temple_star_hex
D:7:      gammafunk_wand_slinger, layout_basic,
          mainiacjoe_overflow_cross_hatched, nicolae_gozag_zags_fifth_avenue,
          minmay_temple_entry_nine_rooms, ebering_ghost_reflecting_pool
D:8:      layout_gridville, okawaru_humans, uniq_joseph
D:9:      layout_gridville, mainiacjoe_overflow_chevrons, special_room
          [special_room_bee], minmay_fire_ice_demons
Temple:   nicolae_temple_bog_church

Skill      XL: |  1  2  3  4  5  6  7  8  9 10 |
---------------+-------------------------------+-----
Armour         | 1 2 |  2.0
Ranged Weapons | 5 6 7 8 9 11 12 | 12.0
Fighting       | 3 4 5 6 8 |  8.2
Dodging        | 2 3 4 |  4.5
Stealth        | |  1.1

Action                     |  1- 3 |  4- 6 |  7- 9 | 10-12 || total
---------------------------+-------+-------+-------+-------++-------
   Fire: Shortbow          |    64 |   211 |    11 |       ||   286
         Orcbow            |       |       |   216 |    64 ||   280
    Use: Scroll            |     3 |    10 |     6 |     1 ||    20
         Potion            |       |       |     2 |       ||     2
 Armour: Leather armour    |    13 |       |       |       ||    13
         Ring mail         |    11 |    84 |    25 |       ||   120
         Robe              |       |       |    49 |   112 ||   161
  Dodge: Dodged            |    20 |    59 |    71 |   142 ||   292

Table legend:
 A = Non-vault XP
 B = Vault XP
 C = Vault XP percentage of total XP
 D = Non-vault monster count
 E = Vault monster count
 F = Vault count percentage of total count
                 A         B        C        D         E       F
            +---------+---------+-------+---------+---------+-------
      Total |    4362 |    1416 |  24.5 |     151 |      13 |   7.9
            +---------+---------+-------+---------+---------+-------
        D:1 |      15 |       0 |   0.0 |      11 |       0 |   0.0
        D:2 |      95 |       0 |   0.0 |      17 |       0 |   0.0
        D:3 |     150 |       0 |   0.0 |      33 |       0 |   0.0
        D:4 |      79 |       0 |   0.0 |      13 |       0 |   0.0
        D:5 |     231 |       0 |   0.0 |       6 |       0 |   0.0
        D:6 |     867 |       0 |   0.0 |      19 |       0 |   0.0
        D:7 |     883 |       0 |   0.0 |      15 |       0 |   0.0
        D:8 |    2042 |     851 |  29.4 |      37 |       3 |   7.5
        D:9 |       0 |     565 | 100.0 |       0 |      10 | 100.0
            +---------+---------+-------+---------+---------+-------
